 Dungeon Crawl Stone Soup version 0.17-a0-1830-g81820eb (webtiles) character file.

377 4thArraOfDagon the Ruffian (level 6, -7/59 HPs)
             Began as a Troll Chaos Knight on Sept 13, 2015.
             Was an Initiate of Cheibriados.
             Mangled by a red devil
             ... wielding a +1 demon trident of electrocution
             ... summoned by Xom
              (12 damage)
             ... on level 6 of the Dungeon.
             The game lasted 00:03:02 (529 turns).

4thArraOfDagon the Ruffian (Troll Chaos Knight)      Turns: 529, Time: 00:03:03

Health: -7/59      AC:  7    Str: 22    XL:     6   Next: 45%
Magic:  6/6        EV: 10    Int: 11    God:    Cheibriados [......]
Gold:   77         SH:  0    Dex: 10    Spells: 0 memorised, 5 levels left

rFire  . . .     SeeInvis .       - Unarmed
rCold  . . .     Clarity  .     a - +2 robe
rNeg   . . .     SustAt   .     (no shield)
rPois  .         Gourm    +     (helmet restricted)
rElec  .         Spirit   .     (no cloak)
rCorr  .         Warding  .     (gloves unavailable)
rMut   .         Stasis   .     (boots unavailable)
MR     .....                    (no amulet)
Stlth  +.........               (no ring)
                                (no ring)

@: very slow, not resistant to hostile enchantments, very unstealthy
A: unfitting armour, claws 3, fast metabolism 3, gourmand, regeneration 2,
shaggy fur 1, tough skin 2
a: Bend Time, Renounce Religion


You were on level 6 of the Dungeon.
You worshipped Cheibriados.
Cheibriados was noncommittal.
You were very full.

You visited 1 branch of the dungeon, and saw 7 of its levels.

You collected 77 gold pieces.

Inventory:

Hand weapons
 c - a +0 giant spiked club
Armour
 a - a +2 robe (worn)
Magical devices
 f - a wand of confusion (15)
Scrolls
 h - a scroll of noise {unknown}
Potions
 e - a potion of ambrosia
 g - 2 potions of lignification
 i - a potion of magic {unknown}
 j - 2 potions of degeneration {unknown}
Books
 d - a book of Death

   Spells                             Type                      Level
   a - Corpse Rot                     Necromancy                   2
   b - Sublimation of Blood           Necromancy                   2
   c - Agony                          Necromancy                   5
   d - Dispel Undead                  Necromancy                   5
   e - Excruciating Wounds            Charms/Necromancy            5
   f - Bolt of Draining               Conjuration/Necromancy       5
Comestibles
 b - 4 bread rations


   Skills:
 - Level 2.4 Fighting
 + Level 3.5 Dodging
 * Level 5.8 Unarmed Combat
 + Level 1.8 Invocations


You had 5 spell levels left.
You didn't know any spells.

Dungeon Overview and Level Annotations

Branches:
Dungeon (7/15)
 Temple: D:4-7

Altars:
Cheibriados
Makhleb
Xom


Innate Abilities, Weirdness & Mutations

You are too large for most types of armour.
You have claws for hands.
Your metabolism is lightning-fast.
You like to eat raw meat.
You heal very quickly.
You are covered in fur (AC +1).
You have very tough skin (AC +2).


Message History

The iron imp is heavily wounded.
The red devil hits you with a demon trident of electrocution.
You are electrocuted!
Unknown command.
You barely miss the iron imp.
The iron imp is heavily wounded.
The iron imp hits you.
Unknown command.
You scratch the iron imp.
The iron imp is severely wounded.
The red devil hits you with a demon trident of electrocution.
You are electrocuted!
* * * LOW HITPOINT WARNING * * *
The iron imp hits you!
* * * LOW HITPOINT WARNING * * *
You scratch the iron imp but do no damage.
The iron imp is severely wounded.
The shadow imp grinds its teeth.
The red devil hits you with a demon trident of electrocution!
You die...

,*,**,* *,* *,* *,*,,,*,****,*,*
,*,**,***,***,* *,**,*#.* *,*,*
,,,**,,,,,,,,,* **,,,,,#.* *,*,*
,********,*,,,***,*****..* *,*<,
,,* *,*,,,,,,**,,,*#.# *,,,, ,,*
**##,,,####,*,,,,,#.# ***** ,,*
*,,..,##.5##*,,,,,#.## *** ,,*
#,*#.,#.554##,,,,,#..# **,*
,,***#.##..#.555@#+,,,##.>####...
,,,,,......##55##5#####...'......
*****#......#'###'#....^).####...
*,*,*#....##.##.....## **,*
*,*,*##...#...'....## ***
*,*,**#.#.##.##...## *
*,,,,,..#..###..'##
***,*#####.....#.# *,* #######.#
*******


You could see a red devil, 2 iron imps, a quasit, 4 white imps and 2 ufetubi.

Vanquished Creatures
  A phantom (D:6)
  An ogre (D:6)
  A giant frog (D:6)
  2 worker ants (D:6)
  A giant frog skeleton (D:6)
  2 adders
  4 gnolls (D:7)
  An adder skeleton (D:4)
  A giant gecko (D:6)
  4 orcs (D:6)
  A bat (D:2)
  2 goblins
  2 hobgoblins
  A quokka (D:3)
  A rat (D:2)
25 creatures vanquished.

Notes
Turn   | Place    | Note
--------------------------------------------------------------
     0 | D:1      | 4thArraOfDagon the Troll Chaos Knight began the quest for the Orb.
     0 | D:1      | Reached XP level 1. HP: 22/22 MP: 0/0
    98 | D:3      | Reached XP level 2. HP: 23/29 MP: 1/1
   117 | D:3      | Found a shimmering altar of Xom.
   144 | D:4      | Found a burning altar of Makhleb.
   165 | D:4      | You fall through a shaft!
   165 | D:5      | Entered Level 5 of the Dungeon
   196 | D:6      | XOM: potion effect (brilliance)
   222 | D:6      | Reached skill level 4 in Unarmed Combat
   222 | D:6      | Reached XP level 3. HP: 18/36 MP: 2/2
   312 | D:7      | XOM: divination: magic mapping
   317 | D:7      | Reached XP level 4. HP: 40/44 MP: 3/3
   372 | D:7      | Found a snail-covered altar of Cheibriados.
   380 | D:7      | Fell from the grace of Xom
   380 | D:7      | Became a worshipper of Cheibriados the Contemplative
   417 | D:6      | Noticed a giant frog
   437 | D:6      | Killed a giant frog
   437 | D:6      | Reached skill level 5 in Unarmed Combat
   437 | D:6      | Reached XP level 5. HP: 26/50 MP: 4/4
   439 | D:6      | Reached skill level 1 in Invocations
   457 | D:6      | Noticed an ogre
   458 | D:6      | Noticed a phantom
   477 | D:6      | Killed an ogre
   477 | D:6      | Reached XP level 6. HP: 59/59 MP: 4/6
   490 | D:6      | Killed a phantom
   523 | D:6      | XOM: summons 12 hostile demons
   524 | D:6      | Noticed a red devil
   529 | D:6      | Mangled by a red devil

Vault maps used:
D:1:      nicolae_arrival_somewhat_less_tricky_arrival
D:2:      nrook_mini_backslash
D:3:      lemuel_crystal_altar, uniq_sigmund
D:4:      lemuel_doored_altar, overflow_temple_1_default, serial_shops,
          nicolae_shop_behind_doors, uniq_menkaure
D:5:      first_bread, serial_bayou_pond_e
D:6:      nicolae_gozag_seed_capital, serial_shops, shop, minmay_joined_circles,
          uniq_crazy_yiuf_cottage, uniq_pikel, uniq_blork_the_orc
D:7:      cheibriados_altar_1, minmay_temple_entry_hall, serial_bayou_pond_c,
          fountainhead

Action                   |  1- 3 |  4- 6 || total
-------------------------+-------+-------++-------
Melee: Unarmed           |    63 |    47 ||   110
  Use: Potion            |       |     3 ||     3
       Scroll            |       |     2 ||     2
  Eat: Chunk             |     8 |     1 ||     9
